 Dungeon Sprint DCSS version 0.32-a0-39-g5c88369fb2 (webtiles) character file.

Game seed: 13538085041012829505

209 Conn the Sneak (level 5, -4/46 HPs)
             Began as an Octopode Fire Elementalist on Feb 4, 2024.
             Was an Initiate of Sif Muna.
             Slain by a fire elemental (10 damage)
             ... summoned by a deep elf pyromancer
             ... in the Dungeon (Sprint III: "The Ten Rune Challenge").
             The game lasted 00:04:00 (534 turns).

Conn the Sneak (Octopode Fire Elementalist)          Turns: 534, Time: 00:04:02

Health: -4/46      AC:  1    Str:  7    XL:     5   Next: 87%
Magic:  5/12       EV: 14    Int: 19    God:    Sif Muna [......]
Gold:   22         SH:  0    Dex: 13    Spells: 3/13 levels left

rFire   . . .        i - +2 dagger (protect)
rCold   . . .        (no shield)
rNeg    . . .        (helmet restricted)
rPois   .            (no amulet)
rElec   .            (no ring)
rCorr   .            (no ring)
SInv    .            (no ring)
Will    .....        (no ring) Stlth
                     (no ring)
HPRegen 0.27/turn    (no ring)
MPRegen 0.13/turn    (no ring)
                     (no ring)

%: no teleportation
@: berserking, very quick
A: almost no armour, amphibious, 8 rings, camouflage 1, gelatinous body 1,
(nimble swimmer 1), tentacles
a: Renounce Religion


You were in the Dungeon.
You worshipped Sif Muna.
Sif Muna was noncommittal.
You visited 1 branch You collected 22 gold pieces.

Inventory:

Hand Weapons
 i - a +2 dagger of protection (weapon)
Scrolls
 f - a scroll of blinking
 h - a scroll of poison
 k - a scroll of torment
Potions
 a - 3 potions of magic
 b - 2 potions of curing
 d - a potion of haste
 g - 4 potions of mutation
 j - a potion of might
 l - a potion of enlightenment


   Skills:
 + Level 4.7 Dodging
 - Level 6.5 Stealth
 * Level 4.7 Spellcasting
 * Level 3.8 Conjurations
 - Level 5.0 Hexes
 * Level 6.4 Fire Magic
 + Level 0.0 Invocations


You had 3 spell levels left.
You knew the following spells:

 Your Spells              Type           Power      Damage    Failure   Level
a - Foxfire               Conj/Fire      92%        2x1d8     1%          1
b - Scorch                Fire           56%        2d7       1%          2
c - Inner Flame           Hex/Fire       26%        N/A       3%          3
d - Flame Wave            Conj/Fire      23%        2d8       16%         4

Your spell library contained the following spells:

 Spells                   Type           Power      Damage    Failure   Level
 Dazzling Flash           Conj/Hex       42%        N/A       6%          3
 Volatile Blastmotes      Fire/Tloc      32%        2d12      11%         3
 Irradiate                Conj/Alch      5%         3d13      85%         5
 Starburst                Conj/Fire      11%        6d5       94%         6
 Ignition                 Fire           14%        3d6       100%        8
 Maxwell's Capacitive Co  Air            2%         ∞         100%        8


Dungeon Overview and Level Annotations

Branches:
Dungeon (1/1)

Altars:
Elyvilon
Kikubaaqudgha
Sif Muna
Vehumet
Zin
The Shining One


Innate Abilities, Weirdness & Mutations

You cannot wear most types of armour.
You are amphibious.
You can wear up to eight rings at the same time.
Your skin changes colour to match your surroundings (Stealth+).
Your rubbery body absorbs attacks. (AC +1, EV +1)
((You are camouflaged when in or above water. (Stealth+)))
You have tentacles for arms and can constrict up to eight enemies at once.


Message History

Your weapon exudes an aura of protection.
Your grab misses the deep elf pyromancer.
The deep elf pyromancer is almost dead.
The foxfire hits the deep elf pyromancer.
The deep elf pyromancer is burned terribly!
The deep elf pyromancer is almost dead.
The foxfire hits the deep elf pyromancer.
The deep elf pyromancer is almost dead.
The deep elf pyromancer hits you with a +1 long sword of holy wrath.
* * * LOW HITPOINT WARNING * * *
You aren't carrying any items that you can evoke.
You feel much better.
The deep elf pyromancer mumbles some strange words.
You closely miss the deep elf pyromancer.
Your grab misses the deep elf pyromancer.
The deep elf pyromancer is almost dead.
The deep elf pyromancer hits you with a +1 long sword of holy wrath.
The fire elemental hits you. The fire elemental burns you!
Unknown command.
You miss the deep elf pyromancer.
Your grab misses the deep elf pyromancer.
The deep elf pyromancer is almost dead.
The fire elemental barely misses you.
The deep elf pyromancer hits you with a +1 long sword of holy wrath.
Unknown command.
You barely miss the deep elf pyromancer.
Your grab misses the deep elf pyromancer.
Your squeeze misses the deep elf pyromancer.
The deep elf pyromancer is almost dead.
The fire elemental hits you. The fire elemental burns you!
* * * LOW HITPOINT WARNING * * *
The deep elf pyromancer barely misses you.
You aren't carrying any items that you can evoke.
A red film seems to cover your vision as you go berserk!
You feel yourself moving faster!
You feel mighty!
The fire elemental completely misses you.
The deep elf pyromancer hits you with a +1 long sword of holy wrath.
* * * LOW HITPOINT WARNING * * *
The fire elemental hits you. The fire elemental burns you!
You die... ▓▓▓▓ ▓▓▓ )..#### ##.##### ......#####..#___# .......#..#..# EE#

#.##...#..#..###e#+###+#
#.###..##'#..#.E@.......
##.##..###...'.⌠........
..##..####...#...######+
..##.)###....#.⌠.#
.##.†.##.....#...#
##....#......#[###
##..##.#.....#.).#
#..#####....#___# ▓▓▓▓
▓▓▓▓▓▓▓▓▓▓


You could see a deep elf pyromancer (combustible) and 3 fire elementals.

Vanquished Creatures
  A water elemental (D)
  A scorpion (D)
  An arcanist (D)
  Jessica (D)
  A human (D)
  A kobold demonologist (D)
  An endoplasm (D)
  2 rats (D)
9 creatures vanquished.

Vanquished Creatures (others)
  26 foxfires (D)
26 creatures vanquished.

Grand Total: 35 creatures vanquished

Notes
Turn   | Place    | Note
-------+----------+-------------------------------------------
     0 | D        | Conn the Octopode Fire Elementalist began the quest for the
                  | Orb.
     0 | D        | Reached XP level 1. HP: 11/11 MP: 3/3
    61 | D        | Noticed Jessica
    65 | D        | Killed Jessica
    66 | D        | Reached skill level 5 in Fire Magic
    66 | D        | Reached XP level 2. HP: 17/17 MP: 0/6
    66 | D        | Reached XP level 3. HP: 21/21 MP: 0/7
    73 | D        | Learned a level 2 spell: Scorch
    77 | D        | Learned a level 3 spell: Inner Flame
    84 | D        | Noticed a scorpion
   147 | D        | Killed a scorpion
   148 | D        | Reached XP level 4. HP: 27/27 MP: 0/9
   243 | D        | Learned a level 4 spell: Flame Wave
   261 | D        | Reached skill level 5 in Stealth
   367 | D        | Noticed a water elemental
   373 | D        | Killed a water elemental
   374 | D        | Reached XP level 5. HP: 31/31 MP: 2/11
   451 | D        | Found a radiant altar of Vehumet.
   451 | D        | Found a shimmering blue altar of Sif Muna.
   451 | D        | Found an ancient bone altar of Kikubaaqudgha.
   456 | D        | Reached skill level 5 in Hexes
   463 | D        | Became a worshipper of Sif Muna the Loreminder
   520 | D        | Found a glowing silver altar of Zin.
   521 | D        | Found a glowing golden altar of the Shining One.
   521 | D        | Found a white marble altar of Elyvilon.
   524 | D        | Noticed a deep elf pyromancer
   528 | D        | Noticed a fire elemental
   531 | D        | Noticed a fire elemental
   531 | D        | Noticed a fire elemental
   534 | D        | Slain by a fire elemental

Illustrated notes

Levels and vault maps discovered:
D:        dungeon_sprint_mu [sprint_mu_entry_cave, sprint_mu_temple_rooms,
          sprint_mu_d1_horrors, sprint_mu_d2_genie, sprint_mu_d3_branching,
          sprint_mu_orc_legion, sprint_mu_elf_gauntlet, sprint_mu_hive_nellie,
          sprint_mu_lair_fedhas, sprint_mu_vaults_butterflies,
          sprint_mu_slime_circle, sprint_mu_swamp_cave, sprint_mu_snake_twists,
          sprint_mu_blade_basic, sprint_mu_crypt_fortress,
          sprint_mu_tomb_spiral, sprint_mu_vestibule_basic,
          sprint_mu_gehenna_hellfire, sprint_mu_dis_giant,
          sprint_mu_tartarus_statrot, sprint_mu_cocytus_islands, sprint_mu_zot1]

Skill      XL: |  1  2  3  4  5 |
---------------+----------------+-----
Stealth        | 3 4 6 |  6.5
Spellcasting   | 3 4 |  4.7
Fire Magic     | 5 6 |  6.4
Dodging        | 3 4 |  4.7
Conjurations   | 2 3 |  3.8
Hexes          | 2 4 5 |  5.0

Action                     |  1- 3 |  4- 6 || total
---------------------------+-------+-------++-------
  Melee: Unarmed           |     1 |       ||     1
         Tentacles         |     1 |       ||     1
         Dagger            |       |     4 ||     4
   Cast: Foxfire           |     7 |     9 ||    16
         Scorch            |     3 |    11 ||    14
    Use: Scroll            |       |     4 ||     4
         Potion            |       |     2 ||     2
 Armour: Skin              |     1 |    13 ||    14
  Dodge: Dodged            |     4 |     3 ||     7

Table legend: (Time is in decaauts)
 A = Elapsed time spent in this place.
 B = Non-inter-level travel time spent in this place.
 C = Inter-level travel time spent in this place.
 D = Time resting spent in this place.
 E = Time spent auto-exploring this place.
 F = Levels seen in this place.
 G = Mean time per level.
                   A        B        C        D        E       F      G
               +--------+--------+--------+--------+--------+-----+--------+
         Total |    533 |    533 |      0 |    267 |     36 |   1 |  533.0 |
       Dungeon |    533 |    533 |      0 |    267 |     36 |   1 |  533.0 |
               +--------+--------+--------+--------+--------+-----+--------+

Top non-repeatable levels by time:
       D: 533 daAuts
